 Dungeon Crawl Stone Soup version 0.21.1-1-g345015f (webtiles) character file.

351 letownia2 the Poker (level 6, -4/72 HPs)
             Began as a Merfolk Skald on Mar 12, 2018.
             Slain by a centaur (5 damage)
             ... on level 5 of the Dungeon.
             The game lasted 00:10:25 (1219 turns).

letownia2 the Poker (Merfolk Skald)                 Turns: 1219, Time: 00:10:25

Health: -4/72      AC:  6    Str: 17    XL:     6   Next: 61%
Magic:  9/10       EV: 13    Int: 14    God:
Gold:   175        SH:  0    Dex: 13    Spells: 1/9 levels left

rFire    . . .     SeeInvis .   a - +2 short sword (venom)
rCold    + . .     Gourm    .   (no shield)
rNeg     . . .     Faith    .   n - +0 leather armour
rPois    .         Spirit   .   (helmet restricted)
rElec    .         Reflect  .   (no cloak)
rCorr    .         Harm     .   (no gloves)
MR       .....                  (no boots)
Stlth    ..........             (no amulet)
HPRegen  0.22/turn              s - ring of protection from cold
MPRegen  0.12/turn              p - +3 ring of protection

@: berserking (expiring), very slightly contaminated, hasted, glowing, very
quick
A: change form in water, swift swim, stealthy swim, horns 1, deterioration 1,
high mp 1
a: no special abilities


You were on level 5 of the Dungeon.
You were not hungry.

You visited 1 branch of the dungeon, and saw 5 of its levels.

You collected 175 gold pieces.

Inventory:

Hand Weapons
 a - a +2 short sword of venom (weapon)
 b - a +0 spear
Missiles
 l - 6 tomahawks (quivered)
Armour
 k - a +0 scale mail
 n - a +0 leather armour (worn)
 r - a +0 ring mail
Jewellery
 h - an uncursed ring of resist corrosion
 p - a +3 ring of protection (right hand)
 s - a ring of protection from cold (left hand)
Scrolls
 e - 2 scrolls of remove curse
 m - 6 scrolls of identify
Potions
 i - a potion of haste
 o - a potion of curing {unknown}
Books
 c - a book of Battle

   Spells                             Type                      Level
   a - Infusion                       Charms                       1
   b - Shroud of Golubria             Charms/Translocation         2
   c - Song of Slaying                Charms                       2
   d - Spectral Weapon                Hexes/Charms                 3
   e - Regeneration                   Charms/Necromancy            3
Comestibles
 d - 7 rations
 q - 3 chunks of flesh


   Skills:
 + Level 3.7 Fighting
 + Level 5.3 Polearms
 + Level 1.0 Armour
 + Level 3.1 Dodging
 + Level 2.1 Spellcasting
 - Level 1.7 Hexes
 + Level 5.0 Charms
 - Level 1.4 Translocations


You had one spell level left.
You knew the following spells:

 Your Spells              Type           Power        Failure   Level  Hunger
a - Infusion              Chrm           ###.         3%          1    ##.....
l - Song of Slaying       Chrm           ###.....     5%          2    ###....
t - Shroud of Golubria    Chrm/Tloc      ##........   11%         2    ###....
x - Spectral Weapon       Hex/Chrm       ##......     21%         3    ####...


Dungeon Overview and Level Annotations

Branches:
Dungeon (5/15)
 Temple: D:4-7

Altars:
Makhleb
Vehumet
Xom

Annotations:
D:4 Sigmund


Innate Abilities, Weirdness & Mutations

You revert to your normal form in water.
You are very nimble and swift while swimming.
You are very stealthy in the water. (Stealth+)
You have a pair of small horns on your head.
Your body sometimes deteriorates upon taking damage.
You have an increased reservoir of magic. (+10% MP)


Message History

Your Dodging skill increases to level 3!
The centaur shoots an arrow.
The arrow misses you.
Unknown command.
There is an open door here.
Items here: ! ) [ † a dagger of speed; a robe; a bubbling cyan potion; the elf corpse of Dowan Unknown command.
Unknown command.
Unknown command.
You hit the centaur.
The centaur is poisoned.
You headbutt the centaur.
The centaur is moderately wounded.
The centaur unwields an uncursed shortbow.
The centaur hits you.
* * * LOW HITPOINT WARNING * * *
Unknown command.
You hit the centaur.
The centaur looks as sick as possible!
You headbutt the centaur!
The centaur is almost dead.
The centaur hits you.
You die...

.# #.......### .#
##....### .# #....#
.# #...## .#
##..#### .#
#.....### .#
#(###...## #.# #.c#
#.........####@####
#.#...#.###....(..#
#.......# ###._.###
#.... .e# #.(...(.#
...c....# ####+####
#... .... #......##


You could see a centaur.

Vanquished Creatures
  Menkaure (D:5)
  Dowan (D:5)
  A crimson imp (D:3)
  A hound (D:5)
  An iguana (D:5)
  5 adders
  An ooze (D:2)
  3 dart slugs
  2 leopard geckos
  An orc (D:5)
  2 giant cockroaches (D:2)
  3 goblins
  2 hobgoblins
  A quokka (D:2)
  3 bats
  3 frilled lizards
  4 kobolds (D:2)
  6 rats
41 creatures vanquished.

Notes
Turn   | Place    | Note
-------+----------+-------------------------------------------
     0 | D:1      | letownia2 the Merfolk Skald began the quest for the Orb.
     0 | D:1      | Reached XP level 1. HP: 16/16 MP: 3/3
   156 | D:1      | Reached XP level 2. HP: 6/22 MP: 0/5
   290 | D:1      | Learned a level 2 spell: Shroud of Golubria
   506 | D:2      | Reached skill level 1 in Translocations
   527 | D:2      | Reached XP level 3. HP: 17/27 MP: 1/6
   643 | D:2      | Reached skill level 5 in Polearms
   694 | D:2      | Learned a level 3 spell: Spectral Weapon
   735 | D:2      | Reached XP level 4. HP: 30/33 MP: 5/7
   827 | D:2      | Reached skill level 1 in Hexes
   865 | D:2      | Found a radiant altar of Vehumet.
   878 | D:2      | Found a burning altar of Makhleb.
   971 | D:3      | Reached XP level 5. HP: 20/38 MP: 8/8
   975 | D:3      | Learned a level 2 spell: Song of Slaying
  1048 | D:4      | Noticed Sigmund
  1050 | D:5      | Entered Level 5 of the Dungeon
  1066 | D:5      | Noticed Menkaure
  1080 | D:5      | Killed Menkaure
  1080 | D:5      | Reached XP level 6. HP: 10/47 MP: 4/9
  1171 | D:5      | Reached skill level 5 in Charms
  1190 | D:5      | Noticed Dowan
  1198 | D:5      | Found a shimmering altar of Xom.
  1211 | D:5      | Gained mutation: You have a pair of small horns on your head. [potion of mutation]
  1211 | D:5      | Gained mutation: Your body sometimes deteriorates upon taking damage. [potion of mutation]
  1211 | D:5      | Gained mutation: You have an increased reservoir of magic. (+10% MP) [potion of mutation]
  1213 | D:5      | HP: 1/70 [centaur/arrow (6)]
  1216 | D:5      | Killed Dowan
  1216 | D:5      | Reached skill level 1 in Armour
  1218 | D:5      | HP: 1/72 [centaur (1)]
  1219 | D:5      | Slain by a centaur

Skill      XL: |  1  2  3  4  5  6 |
---------------+-------------------+-----
Polearms       | 4 5 |  5.3
Translocations | 1 |  1.4
Hexes          | 1 |  1.7
Charms         | 4 5 |  5.0
Fighting       | 3 |  3.7
Armour         | 1 |  1.0
Dodging        | 3 |  3.1
Spellcasting   | |  2.1

Action                   |  1- 3 |  4- 6 || total
-------------------------+-------+-------++-------
Melee: Spear             |   100 |       ||   100
       Short sword       |     8 |    71 ||    79
       Headbutt          |       |     3 ||     3
Throw: Tomahawk          |     6 |     1 ||     7
 Cast: Infusion          |     6 |       ||     6
       Shroud of Golubri |     8 |    12 ||    20
       Spectral Weapon   |       |     2 ||     2
  Use: Scroll            |       |     3 ||     3
       Potion            |       |     3 ||     3
  Eat: Chunk             |       |     3 ||     3
Armor: Leather armour    |    20 |    27 ||    47
Dodge: Dodged            |    56 |    29 ||    85
